 Dungeon Crawl Stone Soup version 0.30.0-29-ga12c61a403 (webtiles) character file.

Game seed: 13324179202993355948

322 seaoflcl the Covered (level 6, -8/53 HPs)
             Began as a Minotaur Fighter on June 6, 2023.
             Mangled by an ogre
             ... wielding a +0 giant spiked club
              (16 damage)
             ... on level 4 of the Dungeon.
             The game lasted 00:04:15 (3283 turns).

seaoflcl the Covered (Minotaur Fighter)             Turns: 3283, Time: 00:04:16

Health: -8/53      AC: 12    Str: 23    XL:     6   Next: 22%
Magic:  1/1        EV:  6    Int:  5    God:
Gold:   189        SH:  4    Dex:  9    Spells: 5/5 levels left

rFire   . . .        p - +2 spear (antimagic)
rCold   . . .        c - +0 buckler
rNeg    . . .        u - +0 plate armour
rPois   .            (helmet restricted)
rElec   .            (no cloak)
rCorr   .            (no gloves)
SInv    .            (no boots)
Will    .....        (no amulet) Stlth
                     g - ring of flight
HPRegen 0.28/turn    (no ring)
MPRegen 0.07/turn

%: no passive effects
@: flying
A: horns 2, retaliatory headbutt
a: no special abilities


You were on level 4 of the Dungeon.
You visited 1 branch of the dungeon, and saw 4 of its levels.

You collected 189 gold pieces.

Inventory:

Hand Weapons
 a - a +0 war axe
 o - a +0 sling
 p - a +2 antimagic spear (weapon)
 z - a +0 falchion of holy wrath
Missiles
 q - 17 poisoned darts (quivered)
 r - 4 javelins
Armour
 c - a +0 buckler (worn)
 u - a +0 plate armour (worn)
 A - a +2 chain mail of poison resistance
Jewellery
 g - a ring of flight (left hand)
Wands
 x - a wand of light (2)
Scrolls
 e - a scroll of enchant weapon {unknown}
 f - 2 scrolls of teleportation {unknown}
 j - a scroll of butterflies {unknown}
 k - 2 scrolls of identify {unknown}
 l - a scroll of magic mapping {unknown}
 t - a scroll of fear {unknown}
 v - a scroll of noise {unknown}
 w - a scroll of torment {unknown}
 y - a scroll of vulnerability {unknown}
Potions
 b - 2 potions of resistance {unknown}
 d - a potion of might
 h - 2 potions of ambrosia {unknown}
 i - a potion of flight {unknown}
 m - 4 potions of curing {unknown}
 n - 3 potions of haste {unknown}
 s - a potion of berserk rage {unknown}


   Skills:
 + Level 4.7 Fighting
 - Level 3.2(3.9) Axes
 * Level 3.1(3.8) Polearms
 + Level 2.1 Ranged Weapons
 + Level 1.7 Throwing
 + Level 4.7 Armour
 + Level 4.6 Shields


You had 5 spell levels left.
You didn't know any spells.
Your spell library contained the following spells:

 Spells                   Type           Power      Damage    Failure   Level
 Necrotise                Necr           0%         1d4       100%        1
 Vampiric Draining        Necr           0%         2d6       100%        3
 Agony                    Necr           0%         N/A       100%        5
 Fireball                 Conj/Fire      0%         3d3       100%        5
 Iskenderun's Battlesphe  Conj           0%         2d6       100%        5
 Conjure Ball Lightning   Conj/Air       0%         3x3d6     100%        6
 Orb of Destruction       Conj           0%         9d5       100%        7


Dungeon Overview and Level Annotations

Branches:
Dungeon (4/15)
 Temple: D:4-7

Altars:

Annotations:
D:4 fleeber's ghost, amateur DjCj


Innate Abilities, Weirdness & Mutations

You have a pair of horns on your head.
You reflexively headbutt those who attack you in melee.


Message History

No target in view!
No target in view!
No target in view!
No target in view!
HP restored.
Found a stone staircase leading down.
There is a stone staircase leading down here.
There is an open door here.
You now have 189 gold pieces (gained 10).
Found a stone staircase leading up.
An ogre comes into view. It is wielding a +0 giant spiked club.
The ogre shouts!
You reach to attack!
You hit the ogre.
The ogre is lightly wounded.
You hit the ogre.
The ogre is lightly wounded.
The ogre hits you with a +0 giant spiked club!
You hit the ogre.
The ogre is moderately wounded.
You closely miss the ogre. Your headbutt misses the ogre.
The ogre is moderately wounded.
The ogre hits you with a +0 giant spiked club!
You are too injured to fight recklessly!
You are too injured to fight recklessly!
You are too injured to fight recklessly!
You are too injured to fight recklessly!
You are too injured to fight recklessly!
You are too injured to fight recklessly!
You are too injured to fight recklessly!
You are too injured to fight recklessly!
You hit the ogre.
The ogre is heavily wounded.
You hit the ogre.
The ogre is heavily wounded.
The ogre hits you with a +0 giant spiked club!
* * * LOW HITPOINT WARNING * * *
You hit the ogre. You headbutt the ogre.
The ogre is almost dead.
The ogre hits you with a +0 giant spiked club!
You die...

#..###..####.#
#.......#..#.#
#
##.###.##..#.#
#####
#.....#.#
....##
#####.#.#####
.....# #
#....<..#
####.. #..
#.#.##### .#
#....##.#.# .
.....'O@#.#
.....####.#
.### #.# #.# Z
#.# . . .. Z.


You could see an ogre.

Vanquished Creatures
  2 kobold brigands (D:3)
  A scorpion (D:4)
  An iguana (D:3)
  An adder (D:2)
  A worm (D:2)
  2 dart slugs (D:1)
  6 orcs
  2 ball pythons
  6 endoplasms
  4 giant cockroaches
  6 hobgoblins
  7 jackals (D:2)
  13 kobolds
  A quokka (D:2)
  5 bats
  A frilled lizard (D:1)
  11 goblins
  4 rats
74 creatures vanquished.

Notes
Turn   | Place    | Note
-------+----------+-------------------------------------------
     0 | D:1      | seaoflcl the Minotaur Fighter began the quest for the Orb.
     0 | D:1      | Reached XP level 1. HP: 19/19 MP: 0/0
   312 | D:1      | Reached XP level 2. HP: 24/27 MP: 1/1
   466 | D:1      | Found a faded altar of an unknown god.
   837 | D:2      | Reached XP level 3. HP: 30/33 MP: 0/2
  1390 | D:2      | Reached skill level 1 in Polearms
  1964 | D:3      | Reached XP level 4. HP: 40/40 MP: 1/3
  2015 | D:3      | Reached skill level 1 in Ranged Weapons
  2753 | D:3      | Noticed a kobold brigand
  2775 | D:3      | Killed a kobold brigand
  2776 | D:3      | Reached skill level 1 in Throwing
  2776 | D:3      | Reached XP level 5. HP: 40/47 MP: 1/4
  2930 | D:4      | Noticed fleeber's ghost (amateur DjCj)
  3016 | D:4      | Reached XP level 6. HP: 53/53 MP: 1/5
  3283 | D:4      | Mangled by an ogre

Illustrated notes

Levels and vault maps discovered:
D:1:      nicolae_arrival_washed_ashore, layout_loops_cross,
          ebering_ecumenical_altar_hall
D:2:      layout_loops_corners, minmay_misc_feat_square
D:3:      cheibrodos_thug_alley, layout_basic, chequers_garden
D:4:      layout_basic, nicolae_uskayaw_dance_hall, gammafunk_ghost_icy,
          dilly_guarded_unrand_throatcut

Skill      XL: |  1  2  3  4  5 |
---------------+----------------+-----
Axes           | 3 |  3.2
Armour         | 4 |  4.7
Shields        | 4 |  4.6
Fighting       | 4 |  4.7
Polearms       | 1 2 3 |  3.1
Ranged Weapons | 1 2 |  2.1
Throwing       | 1 |  1.7

Action                     |  1- 3 |  4- 6 || total
---------------------------+-------+-------++-------
  Melee: War axe           |    33 |       ||    33
         Headbutt          |     4 |    13 ||    17
         Spear             |    70 |   106 ||   176
 Armour: Scale mail        |    36 |       ||    36
         Plate armour      |     1 |    32 ||    33
  Dodge: Dodged            |    33 |    14 ||    47
  Block: Buckler           |    12 |    10 ||    22
